 Dungeon Crawl Stone Soup version 0.24-a0-530-g18ba70b503 (webtiles) character file.

Game seed: 6128182688328870002

170 Mithandil the Conjurer (level 5, 0/29 HPs)
             Began as a Tengu Conjurer on Aug 9, 2019.
             Was an Initiate of Vehumet.
             Slain by a gnoll
             ... wielding a +0 halberd
              (3 damage)
             ... on level 4 of the Dungeon.
             The game lasted 00:16:43 (2851 turns).

Mithandil the Conjurer (Tengu Conjurer)             Turns: 2851, Time: 00:16:44

Health: 0/29       AC:  5    Str:  7 (9)  XL:     5   Next: 51%
Magic:  2/10       EV: 14    Int: 15 (16) God:    Vehumet [......]
Gold:   200        SH:  4    Dex: 11 (14) Spells: 2/9 levels left

rFire    . . .     SeeInvis .   a - +0 scimitar
rCold    . . .     Gourm    .   d - +0 buckler
rNeg     . . .     Faith    .   f - +0 leather armour
rPois    .         Spirit   .   (helmet restricted)
rElec    .         Reflect  .   (no cloak)
rCorr    .         Harm     .   i - +1 pair of gloves
MR       .....                  (boots unavailable)
Stlth    +.........             (no amulet)
HPRegen  0.09/turn              (no ring)
MPRegen  0.12/turn              (no ring)

@: flying quickly and evasively, very slightly contaminated, glowing, quick
A: beak, talons 3, able to fly
a: Stop Flying, Renounce Religion


You were on level 4 of the Dungeon.
You worshipped Vehumet.
Vehumet was noncommittal.
You were not hungry.

You visited 2 branches of the dungeon, and saw 5 of its levels.

You collected 200 gold pieces.

Inventory:

Hand Weapons
 a - a +0 scimitar (weapon)
 b - a +0 spear
Missiles
 e - 75 stones
 h - 11 boomerangs (quivered)
 j - 7 javelins
 l - 42 arrows
 n - 4 curare-tipped darts
 p - 25 poisoned darts
Armour
 d - a +0 buckler (worn)
 f - a +0 leather armour (worn)
 i - a +1 pair of gloves (worn)
 q - a +0 shield
Jewellery
 o - an uncursed ring of ice
Scrolls
 k - a scroll of remove curse
 m - a scroll of enchant armour {unknown}
Comestibles
 c - 4 rations


   Skills:
 + Level 1.2 Fighting
 + Level 2.8 Dodging
 + Level 2.7 Stealth
 * Level 2.2 Shields
 * Level 2.9 Spellcasting
 * Level 6.2 Conjurations


You had 2 spell levels left.
You knew the following spells:

 Your Spells              Type           Power        Failure   Level  Hunger
a - Magic Dart            Conj           ###.         3%          1    #......
b - Searing Ray           Conj           ###...       4%          2    ##.....
c - Force Lance           Conj/Tloc      ##......     71%         4    #####..

Your spell library contained the following spells:

 Spells                   Type           Power        Failure   Level  Hunger
 Iskenderun's Mystic Bla  Conj           ###.....     30%         4    #####..
 Dazzling Spray           Conj/Hex       ##....       32%         3    ###....
 Fulminant Prism          Conj/Hex       ##........   71%         4    #####..


Dungeon Overview and Level Annotations

Branches:
Dungeon (4/15)             Temple (1/1) D:4

Altars:
Ashenzari
Cheibriados
Dithmenos
Elyvilon
Fedhas
Gozag
Hepliaklqana
Kikubaaqudgha
Makhleb
Nemelex Xobeh
Okawaru
Qazlal
Sif Muna
Trog
Uskayaw
Vehumet
Wu Jian
Xom
Yredelemnul
Zin
The Shining One

Annotations:
D:4 3 runed translucent doors, Goblin1989's ghost, amateur DsTm


Innate Abilities, Weirdness & Mutations

You have a beak for a mouth.
You have claws for feet.
You can fly continuously.


Message History

The searing ray hits the gnoll!
You kill the gnoll!
Vehumet accepts your kill.
You finish channeling your searing ray.
The gnoll barely misses you.
The gnoll shaman hits you with a +0 whip.
You hit the gnoll shaman. You peck the gnoll shaman.
The gnoll shaman is heavily wounded.
The gnoll shaman calls upon its god to speed up the gnoll.
The gnoll seems to speed up.
The gnoll misses you.
The gnoll shaman hits you with a +0 whip.
The gnoll hits you from afar with a +0 halberd!
* * * LOW HITPOINT WARNING * * *
The gnoll shaman calls upon its god to heal the gnoll.
The gnoll is healed somewhat.
The gnoll shaman calls down the wrath of its god upon you.
You are outlined in light.
The gnoll barely misses you. The gnoll barely misses you.
The gnoll hits you from afar with a +0 halberd.
You die...

#.......#
##....###.# ....
#.......#
#...###...##....
#.......#
#.#........#..##
#########
#..g##..>..##...
###..#........#
#.g##...###...
##.g.#.### .#
#....#.#... .
#..@..).......
#.....#........
#....?.........
....##..#+####+#
.....#.....
#......#......
#......#.##..##
.##+### ###


You could see a gnoll shaman and 2 gnolls.

Vanquished Creatures
  An orc priest (D:3)
  A hound (D:3)
  2 gnolls
  3 adders
  A worm (D:2)
  2 leopard geckos (D:2)
  5 orcs (D:3)
  4 giant cockroaches
  7 goblins
  4 hobgoblins
  7 kobolds
  2 quokkas (D:3)
  2 ball pythons (D:3)
  5 bats
  4 frilled lizards
  7 rats
57 creatures vanquished.

Notes
Turn   | Place    | Note
-------+----------+-------------------------------------------
     0 | D:1      | Mithandil the Tengu Conjurer began the quest for the Orb.
     0 | D:1      | Reached XP level 1. HP: 10/10 MP: 4/4
   157 | D:1      | Reached XP level 2. HP: 15/15 MP: 3/6
   500 | D:1      | Reached skill level 1 in Shields
   507 | D:1      | Reached XP level 3. HP: 20/20 MP: 3/7
  1159 | D:2      | Learned a level 2 spell: Searing Ray
  1239 | D:3      | Reached skill level 1 in Fighting
  1248 | D:3      | Reached XP level 4. HP: 22/25 MP: 0/8
  1254 | D:3      | Learned a level 4 spell: Force Lance
  1324 | D:4      | Found a runed translucent gate.
  1324 | D:4      | Found a runed translucent gate.
  1324 | D:4      | Found a runed translucent gate.
  1324 | D:4      | Noticed Goblin1989's ghost (amateur DsTm)
  1956 | D:3      | Reached skill level 6 in Conjurations
  1958 | D:3      | Gained mutation: You can fly continuously. [Tengu growth]
  1958 | D:3      | Reached XP level 5. HP: 29/29 MP: 2/10
  2553 | D:4      | Found a staircase to the Ecumenical Temple.
  2587 | Temple   | Entered the Ecumenical Temple
  2696 | Temple   | Became a worshipper of Vehumet
  2851 | D:4      | Slain by a gnoll

Levels and vault maps discovered:
D:1:      lemuel_arrival_room, layout_rooms, kennysheep_small_spiral
D:2:      layout_rooms, first_ration, minmay_heptomino_h4
D:3:      layout_rooms
D:4:      layout_gridville, minmay_temple_entry_slanted, gammafunk_ghost_split,
          uniq_sigmund, uniq_eustachio
Temple:   kilobyte_greek_temple

Skill      XL: |  1  2  3  4 |
---------------+-------------+-----
Shields        | 1 2 |  2.2
Fighting       | 1 |  1.2
Conjurations   | 6 |  6.2
Dodging        | |  2.8
Stealth        | |  2.7
Spellcasting   | |  2.9

Action                   |  1- 3 |  4- 6 || total
-------------------------+-------+-------++-------
Melee: Spear             |    38 |    12 ||    50
       Kick              |    11 |     3 ||    14
       Unarmed           |     2 |       ||     2
       Peck              |     6 |     3 ||     9
       Scimitar          |       |    13 ||    13
Throw: Boomerang         |     4 |       ||     4
 Cast: Magic Dart        |    40 |    40 ||    80
       Searing Ray       |     2 |     2 ||     4
 Abil: Fly               |       |     1 ||     1
  Use: Scroll            |       |     4 ||     4
       Potion            |       |     2 ||     2
 Stab: Sleeping          |     1 |       ||     1
  Eat: Chunk             |     2 |     5 ||     7
Armor: Leather armour    |    13 |     8 ||    21
Dodge: Dodged            |    20 |    20 ||    40
Block: Buckler           |     4 |     3 ||     7
       Rpst.: Scimitar   |       |     1 ||     1

Table legend:
 A = Non-vault XP
 B = Vault XP
 C = Vault XP percentage of total XP
 D = Non-vault monster count
 E = Vault monster count
 F = Vault count percentage of total count
                 A         B        C        D         E       F
            +---------+---------+-------+---------+---------+-------
      Total |     239 |       5 |   2.0 |      54 |       3 |   5.3
            +---------+---------+-------+---------+---------+-------
        D:1 |      45 |       0 |   0.0 |      21 |       0 |   0.0
        D:2 |      31 |       5 |  13.9 |       8 |       3 |  27.3
        D:3 |     133 |       0 |   0.0 |      22 |       0 |   0.0
        D:4 |      30 |       0 |   0.0 |       3 |       0 |   0.0
            +---------+---------+-------+---------+---------+-------
